cohdb
Replays
Latest Replays
All Replays
Popular Replays
Top Player Replays
Match Explorer
How It Works
Community
CoH3 Stats
Reddit
Sign in to upload your games and track your stats! →
Sign in with Steam
Match 45696817
Unlisted
Match 45696817
Overview
Messages
Build Orders
End
Construct Infanterie Kompanie
Grenadier Squad
Grenadier Squad
GrW 34 Mortar Team
Grenadier Squad
Construct Luftwaffe Kompanie
221 Scout Car
Jäger Squad
Support Elements
Wirbelwind Flakpanzer
Pioneer Squad
Wirbelwind Flakpanzer
Side Skirts
Jäger Squad
Selects Breakthrough Battlegroup
Selects Rapid Production
Selects Assault Grenadiers
Selects Blitzkrieg
Construct Panzergrenadier Kompanie
Nebelwerfer 42 Rocket Launcher Team
カルト_くん
Batata
marcmorn
Stealth
0
0
Comments
sign in to comment!
No comments posted yet!